 Dungeon Sprint DCSS version 0.27-a0-1147-gb3d8e82157 (webtiles) character file.

Game seed: 9742485632719760171

72 Zeld the Shield-Bearer (level 4, -11/32 HPs)
             Began as an Octopode Fighter on May 12, 2021.
             Was a Follower of Hepliaklqana.
             Killed from afar by a hell hound (18 damage)
             ... with a blast of flame
             ... in the Dungeon (Sprint V: "Ziggurat Sprint").
             The game lasted 00:01:55 (763 turns).

Zeld the Shield-Bearer (Octopode Fighter)            Turns: 763, Time: 00:01:56

Health: -11/32     AC:  1    Str: 28    XL:     4   Next: 26%
Magic:  3/8        EV: 10    Int: 17    God:    Hepliaklqana [*.....]
Gold:   0          SH: 20    Dex: 11    Spells: 3/3 levels left

rFire    . . .     SeeInvis .   k - +5 broad axe
rCold    + . .     Faith    .   j - +3 tower shield
rNeg     . . .     Spirit   .   (helmet restricted)
rPois    .         Reflect  .   (no amulet)
rElec    .         Harm     .   v - +6 ring of strength
rCorr    .         Rampage  .   w - +6 ring of strength
Will     .....     NoTele   +   y - ring of Azioghaa {rC+ Int+7}
Stlth    ++........             (no ring)
HPRegen  0.10/turn              (no ring)
MPRegen  0.11/turn              (no ring)
                                (no ring)
                                (no ring)

@: no status effects
A: reduced essence, almost no armour, amphibious, 8 rings, camouflage 1,
gelatinous body 1, (nimble swimmer 1), tentacles
a: Renounce Religion, Recall Ancestor, Ancestor Identity


You were in the Dungeon.
You worshipped Hepliaklqana.
Hepliaklqana was aware of your devotion.
You visited 1 branch

Inventory:

Hand Weapons
 k - a +5 broad axe (weapon)
Armour
 j - a +3 tower shield (worn)
Jewellery
 v - a +6 ring of strength (left tentacle)
 w - a +6 ring of strength (right tentacle)
 y - the ring of Azioghaa (on tentacle) {rC+ Int+7}
   (You found it in the Dungeon)

   [ring of protection from cold]

   It affects your intelligence (+7).
   It protects you from cold.
Wands
 a - a wand of mindburst (7)
 b - a wand of iceblast (7)
 l - a wand of acid (7)
Scrolls
 i - 4 scrolls of blinking
 m - 4 scrolls of amnesia
 n - 7 scrolls of fog
 o - a scroll of holy word
 p - 5 scrolls of identify
 q - 2 scrolls of fear
Potions
 c - 6 potions of might
 d - 10 potions of curing
 e - 10 potions of heal wounds
 f - 6 potions of haste
 g - 7 potions of magic
 h - 3 potions of berserk rage
 r - 2 potions of brilliance
 s - 2 potions of invisibility
 t - 4 potions of resistance
Miscellaneous
 x - a lightning rod (4/4)


   Skills:
 * Level 6.5 Fighting
 * Level 6.0 Axes
 - Level 3.0 Dodging
 * Level 6.5 Shields
 * Level 6.1 Invocations


You had 3 spell levels left.
You didn't know any spells.
Your spell library was empty.

Dungeon Overview and Level Annotations

Branches:
Dungeon (1/1)

Altars:
Ashenzari
Cheibriados
Dithmenos
Elyvilon
Fedhas
Gozag
Hepliaklqana
Kikubaaqudgha
Makhleb
Nemelex Xobeh
Okawaru
Qazlal
Ru
Sif Muna
Trog
Uskayaw
Vehumet
Wu Jian
Xom
Yredelemnul
Zin
The Shining One
Beogh
Jiyva
Lugonu

Annotations:
D 1 transporter


Innate Abilities, Weirdness & Mutations

Your life essence is reduced to manifest your ancestor. (-10% HP)
You cannot wear most types of armour.
You are amphibious.
You can wear up to eight rings at the same time.
Your skin changes colour to match your surroundings (Stealth+).
Your rubbery body absorbs attacks. (AC +1, EV +1)
((You are camouflaged near water. (Stealth+)))
You have tentacles for arms and can constrict up to eight enemies at once.


Message History

Found a transporter.
Unknown command.
Okay, then.
Okay, then.
Remember Dusana's name as what?
Dusana
Okay, then.
Was Dusana a) male, b) female, or c) neither? (Currently female.) Dusana was always male, you're pretty sure.
The white imp shouts, "Back with thee, thou simpering knotty-pated yak-dropping!"
The iron imp shouts, "Go and return not, thou plume-plucked fool-born flap-bat!"
The hell hound breathes flames at you. The blast of flame hits you!!
Ouch! That really hurt!
* * * LOW HITPOINT WARNING * * *
What are your orders? t - Shout!
Orders for allies: a - Attack new target. r - Retreat! s - Stop attacking. g - Guard the area. f - Follow me.
Anything else - Cancel.
Gang up on whom?
Press: ? - help, Dir - move target, f - white imp
Aim: a white imp Attack!
Unknown command.
Okay, then.
You feel more experienced!
Your Fighting skill gained 2 levels and is now at level 6!
Your Axes skill gained 3 levels and is now at level 6!
Your Shields skill gained 2 levels and is now at level 6!
Your Invocations skill gained 3 levels and is now at level 6!
You have reached level 4!
Dusana remembers more of his old skill.
The hell hound bites Dusana.
Dusana barely misses the white imp.
The hell hound breathes flames at you.
The blast of flame hits Dusana!
Dusana resists.
The blast of flame hits you!!
Ouch! That really hurt!
You die...

▓▓▓▓▓▓▓▓▓▓▓▓▓
▓.8©8.▓.8©8.▓
▓.::|.▓.....▓
▓.....▓.=...▓
▓.5h5.▓.....▓
▓..R..▓.....▓
▓.....▓..©..▓
▓..@..▓▓▓▓▓▓▓
▓▓▓▓▓▓▓


You could see the friendly Dusana the ancestor, a hell hound (catching breath,
ally target), an iron imp and a white imp.

Vanquished Creatures
  An ufetubus (D)
1 creature vanquished.

Vanquished Creatures (collateral kills)
  An iron imp (D)
1 creature vanquished.

Grand Total: 2 creatures vanquished

Notes
Turn   | Place    | Note
-------+----------+-------------------------------------------
     0 | D        | Zeld the Octopode Fighter began the quest for the Orb.
     0 | D        | Reached XP level 1. HP: 16/16 MP: 1/1
     2 | D        | Found a blossoming altar of Fedhas.
     3 | D        | Found the +6 Majin-Bo {vamp, MP+6 Int+6}
     3 | D        | Found the +9 heavy crossbow "Sniper" {vorpal, Acc+∞ SInv}
     3 | D        | Found the +10 dark maul {vorpal}
     3 | D        | Found the +15 Maxwell's patent armour {-Cast -Tele rElec
                  | Will+ rCorr}
     3 | D        | Found the +18 shield of the Gong {rElec rN+ Will+ EV-5}
     3 | D        | Found the +14 obsidian axe {vorpal, Drain Fly SInv}
     3 | D        | Found the +7 great mace "Firestarter" {inner flame, rF++}
     3 | D        | Found the +6 shillelagh "Devastator" {shatter}
     3 | D        | Found the +11 plutonium sword {Contam Stlth-}
     3 | D        | Found the +8 lance "Wyrmbane" {slay drac, rPois rF+ rC+
                  | AC+3}
     3 | D        | Found the +9 sword of Zonguldrok {reap}
     3 | D        | Found the +13 scythe of Curses {drain, Drain}
     3 | D        | Found the +5 sword of Power {vorpal}
     3 | D        | Found the +7 mace of Variability {chain chaos}
     3 | D        | Found the +7 Singing Sword {vorpal, sonic wave}
     3 | D        | Found the +8 storm bow {elec, penet}
     4 | D        | Found a viscous altar of Jiyva.
     4 | D        | Found a hazy altar of Hepliaklqana.
     4 | D        | Found a transporter.
     4 | D        | Found an opulent altar of Gozag.
     4 | D        | Found an ancient bone altar of Kikubaaqudgha.
     4 | D        | Found a corrupted altar of Lugonu.
    39 | D        | Found a burning altar of Makhleb.
    40 | D        | Found a sparkling altar of Nemelex Xobeh.
    40 | D        | Found an iron altar of Okawaru.
    40 | D        | Found a stormy altar of Qazlal.
    40 | D        | Found a sacrificial altar of Ru.
    42 | D        | Found a shimmering blue altar of Sif Muna.
    45 | D        | Found a bloodstained altar of Trog.
    75 | D        | Became a worshipper of Hepliaklqana the Forgotten
   147 | D        | Entered arena 2.
   147 | D        | Noticed an iron imp
   147 | D        | Found a transporter.
   147 | D        | Reached * piety under Hepliaklqana
   151 | D        | Reached skill level 1 in Invocations
   151 | D        | Killed an iron imp
   152 | D        | Reached XP level 2. HP: 19/19 MP: 1/4
   152 | D        | Reached XP level 3. HP: 24/24 MP: 1/5
   227 | D        | Got the ring of Azioghaa {rC+ Int+7}
   760 | D        | Entered arena 3.
   760 | D        | Noticed a hell hound
   760 | D        | Found a transporter.
   763 | D        | Reached XP level 4. HP: 7/32 MP: 3/8
   763 | D        | Killed from afar by a hell hound

Illustrated notes

Levels and vault maps discovered:
D:        sprint_v [room_start, room_1, room_2, room_3, room_4, room_5, room_6,
          room_7, room_8, room_9, room_10, room_11, room_12, room_13, room_14,
          room_15, room_16, room_17, room_18, room_19, room_20, room_21,
          room_22, room_23, room_24, room_25, room_26, room_27]

Skill      XL: |  1  2  3 |
---------------+----------+-----
Invocations    | 3 6 |  6.1
Fighting       | 4 6 |  6.5
Axes           | 3 6 |  6.0
Shields        | 4 6 |  6.5
Dodging        | |  3.0

Action                   |  1- 3 |  4- 6 || total
-------------------------+-------+-------++-------
Melee: Broad axe         |     1 |       ||     1
       Constrict         |     1 |       ||     1
       Tentacles         |     1 |       ||     1
Invok: Recall Ancestor   |     1 |       ||     1
       Ancestor Identity |     1 |       ||     1
  Use: Potion            |     1 |       ||     1
Dodge: Dodged            |     2 |       ||     2
Block: Tower shield      |     2 |       ||     2

Table legend: (Time is in decaauts)
 A = Elapsed time spent in this place.
 B = Non-inter-level travel time spent in this place.
 C = Inter-level travel time spent in this place.
 D = Time resting spent in this place.
 E = Time spent auto-exploring this place.
 F = Levels seen in this place.
 G = Mean time per level.
                   A        B        C        D        E       F      G
               +--------+--------+--------+--------+--------+-----+--------+
         Total |    762 |    762 |      0 |    646 |      0 |   1 |  762.0 |
       Dungeon |    762 |    762 |      0 |    646 |      0 |   1 |  762.0 |
               +--------+--------+--------+--------+--------+-----+--------+

Top non-repeatable levels by time:
       D: 762 daAuts
